 Dungeon Crawl Stone Soup version 0.21.0 (webtiles) character file.

110 theswoord the Skirmisher (level 4, -1/29 HPs)
             Began as a Gargoyle Fighter on Jan 6, 2018.
             Slain by an orc priest
             ... wielding a +0 flail of venom
              (7 damage)
             ... on level 3 of the Dungeon.
             The game lasted 00:04:10 (1767 turns).

theswoord the Skirmisher (Gargoyle Fighter)         Turns: 1767, Time: 00:04:11

Health: -1/29      AC: 11    Str: 20    XL:     4   Next: 91%
Magic:  4/4        EV:  9    Int:  8    God:
Gold:   32         SH:  0    Dex: 10    Spells: 3/3 levels left

rFire    . . .     SeeInvis .   i - +0 whip
rCold    + . .     Gourm    .   (no shield)
rNeg     + . .     Faith    .   b - +1 scale mail
rPois    ∞         Spirit   .   (no helmet)
rElec    +         Reflect  .   (no cloak)
rCorr    .         Harm     .   (no gloves)
MR       .....                  (no boots)
Stlth    ..........             (no amulet)
HPRegen  0.09/turn              m - ring of protection from cold
MPRegen  0.09/turn              (no ring)

@: no status effects
A: negative energy resistance 1, electricity resistance, unbreathing,
petrification resistance, rot immunity, AC +3
a: no special abilities


You were on level 3 of the Dungeon.
You were not hungry.

You visited 1 branch of the dungeon, and saw 3 of its levels.

You collected 32 gold pieces.

Inventory:

Hand Weapons
 a - a +0 flail
 i - a +0 whip (weapon)
Armour
 b - a +1 scale mail (worn)
 c - a +0 shield
Jewellery
 m - a ring of protection from cold (left hand)
Scrolls
 h - a scroll of teleportation
Potions
 d - a potion of might
 j - a potion of lignification
 o - a potion of cancellation {unknown}
 q - a potion of mutation {unknown}
 s - a potion of curing {unknown}
Comestibles
 f - 3 rations
 g - 4 chunks of flesh


   Skills:
 + Level 4.3 Fighting
 + Level 4.2 Maces & Flails
 - Level 3.2 Armour
 - Level 3.2 Shields


You had 3 spell levels left.
You didn't know any spells.

Dungeon Overview and Level Annotations

Branches:
Dungeon (3/15)

Altars:


Innate Abilities, Weirdness & Mutations

You are resistant to torment.
Your stone body is resilient. (AC +3)
You are immune to poison.
You resist negative energy. (rN+)
You are resistant to electric shocks. (rElec)
You can survive without breathing.
You are immune to petrification.
You are immune to rotting.


Message History

A worm comes into view.
You closely miss the orc priest.
The orc priest hits you but does no damage.
The orc hits you but does no damage.
You hit the orc priest but do no damage.
The orc hits you.
* * * LOW HITPOINT WARNING * * *
The orc priest looks satisfied for a moment.
You hit the orc priest. The orc hits you but does no damage.
The orc priest calls down the wrath of Beogh upon you.
Pain shoots through your body!
* * * LOW HITPOINT WARNING * * *
You hit the orc priest but do no damage.
The orc barely misses you.
You hit the orc priest but do no damage.
The orc priest hits you with a flail of venom.
* * * LOW HITPOINT WARNING * * *
You closely miss the orc priest. The orc hits you but does no damage.
The orc priest hits you with a flail of venom!
You die...

#. #..####.
.#.###..#...#
....(..#...
.##........
......>...
#....w.
#..oo# #@#
#)# # #.##.#
#.<..# ###..#
..# ..# ..#
...


You could see a worm, an orc priest and an orc.

Vanquished Creatures
  A centaur skeleton (D:2)
  An iguana (D:2)
  An ooze (D:3)
  4 dart slugs
  A leopard gecko (D:2)
  2 orcs (D:3)
  A ball python (D:1)
  4 bats
  5 giant cockroaches
  3 goblins
  5 hobgoblins
  4 frilled lizards
  6 kobolds
  5 rats
43 creatures vanquished.

Notes
Turn   | Place    | Note
-------+----------+-------------------------------------------
     0 | D:1      | theswoord the Gargoyle Fighter began the quest for the Orb.
     0 | D:1      | Reached XP level 1. HP: 14/14 MP: 1/1
   225 | D:1      | Reached XP level 2. HP: 8/19 MP: 2/2
   765 | D:1      | Reached XP level 3. HP: 16/23 MP: 3/3
  1160 | D:2      | Reached XP level 4. HP: 28/29 MP: 4/4
  1767 | D:3      | Slain by an orc priest

Skill      XL: |  1  2  3  4 |
---------------+-------------+-----
Maces & Flails | 3 4 |  4.2
Fighting       | 4 |  4.3
Armour         | |  3.2
Shields        | |  3.2

Action                   |  1- 3 |  4- 6 || total
-------------------------+-------+-------++-------
Melee: Flail             |    64 |       ||    64
       Whip              |    24 |    85 ||   109
  Use: Scroll            |       |     8 ||     8
  Eat: Chunk             |     1 |     2 ||     3
Armor: Scale mail        |    48 |    31 ||    79
Dodge: Dodged            |    51 |    40 ||    91

Vault maps used:
D:1:      scummos_arrival_forest, st_stairs_6
D:2:      serial_bayou_ford_a
D:3:      lemuel_crystal_altar, minmay_misc_feat_iff, goddamned_bats
